Match 41793640
Unlisted

Match 41793640
End
Construct Section Command Post
Selects Air and Sea Battlegroup
Vickers Machine Gun Team
Infantry Section
Dingo Light Scout Car
Construct Field Infirmary
Infantry Section
Grenade Package
Selects Commando Section Paradrop
Commando Section Paradrop
Construct Platoon Command Post
Unlock M3 Stuart Light Tanks
Commando Section Paradrop
Infantry Training
M3 Stuart Light Tank
Royal Engineer Section
Unlock Bishop Self-propelled Artillery
Selects Commando Support Section Paradrop
Commando Section Paradrop
Selects Supply Surplus
Selects UNKNOWN (223837)
Commando Support Section Paradrop
CanKanbak
Grand.G
0
0

Comments sign in to comment!

No comments posted yet!